 Dungeon Sprint DCSS version 0.21-a0-400-g417d9d2 (webtiles) character file.

619 Amnesiac the Covert (level 7, 46/46 HPs)
             Began as a Demonspawn Earth Elementalist on Oct 20, 2017.
             Was an Initiate of Dithmenos.
             Quit the game in the Dungeon (Sprint I: "Red Sonja").
             The game lasted 00:02:21 (648 turns).

Amnesiac the Covert (Demonspawn Earth Elementalist)  Turns: 648, Time: 00:02:22

Health: 46/46      AC:  2    Str:  9    XL:     7   Next: 21%
Magic:  6/10       EV: 12    Int: 17    God:    Dithmenos [......]
Gold:   351        SH:  4    Dex: 14    Spells: 7/10 levels left

rFire    . . .     SeeInvis .   a - +0 dagger (pain)
rCold    . . .     Gourm    .   (no shield)
rNeg     . . .     Faith    .   c - +0 robe
rPois    .         Spirit   .   (no helmet)
rElec    .         Reflect  .   (no cloak)
rCorr    .         Harm     .   (no gloves)
MR       .....     NoTele   +   (no boots)
Stlth    +++++.....             (no amulet)
HPRegen  1.15/turn              (no ring)
MPRegen  0.12/turn              (no ring)

@: no status effects
A: claws 1, large bone plates 1, powered by death 2, powered by pain 1
a: Renounce Religion


You were in the Dungeon.
You worshipped Dithmenos.
Dithmenos was noncommittal.
You were not hungry.

You visited 1 branch You collected 351 gold pieces.

Inventory:

Hand Weapons
 a - a +0 dagger of pain (weapon)
Missiles
 b - 21 stones (quivered)
Armour
 c - a +0 robe (worn)
Scrolls
 j - a scroll of blinking {!r}
Potions
 f - a potion of heal wounds {!q}
 g - a potion of haste {!q}
 h - a potion of magic {!q}
Books
 k - a book of Geomancy

   Spells                             Type                      Level
   a - Sandblast                      Earth                        1
   b - Passwall                       Transmutation/Earth          2
   c - Stone Arrow                    Conjuration/Earth            3
   d - Petrify                        Transmutation/Earth          4
   e - Lee's Rapid Deconstruction     Earth                        5
Comestibles
 d - a bread ration


   Skills:
 + Level 10.5 Short Blades
 - Level 1.7 Dodging
 + Level 10.7 Stealth
 - Level 2.0 Spellcasting
 - Level 0.8 Transmutations
 - Level 2.6 Earth Magic


You had 7 spell levels left.
You knew the following spells:

 Your Spells              Type           Power        Failure   Level  Hunger
a - Sandblast             Erth           ##....       6%          1    #......
b - Passwall              Tmut/Erth      #.........   14%         2    ###....


Dungeon Overview and Level Annotations

Branches:
Dungeon (1/1)

Altars:
Cheibriados
Dithmenos
Elyvilon
Fedhas
Gozag
Hepliaklqana
Kikubaaqudgha
Makhleb
Nemelex Xobeh
Okawaru
Qazlal
Ru
Sif Muna
Trog
Uskayaw
Vehumet
Wu Jian
Xom
Yredelemnul
Zin
The Shining One
Jiyva
Lugonu

Shops:
D (


Innate Abilities, Weirdness & Mutations

You have sharp fingernails.
You are partially covered in large bone plates. (SH +4)
You regenerate health from kills.
You sometimes gain a little power by taking damage.


Message History

Casting: Passwall
Confirm with . or Enter, or press ? or * to list all spells.
Which direction?
You miscast Passwall.
You are very lightly contaminated with residual magic.
Motes of dust swirl before your eyes.
Unknown command.
Casting: Passwall
Confirm with . or Enter, or press ? or * to list all spells.
Which direction?
You begin to meditate on the wall.
You continue meditating on the rock. x2
You finish merging with the rock.
Found 135 gold pieces.
You now have 135 gold pieces (gained 27).
You now have 162 gold pieces (gained 27).
You now have 189 gold pieces (gained 27).
You now have 216 gold pieces (gained 27).
You now have 243 gold pieces (gained 27).
You start resting.
Your magical contamination has completely faded away.
You start resting.
Magic restored.
You start resting.
Magic restored.
You open the door.
A jelly comes into view.
Found a radiant altar of Vehumet.
Found a deep blue altar of Sif Muna.
There is an open door here.
Found a robe.
Found an ornate altar of the Wu Jian Council.
The helpless jelly fails to defend itself.
You skewer the jelly like a kebab!!!!
You kill the jelly!
Dithmenos accepts your kill.
There is an open door here.
Casting: Passwall
Confirm with . or Enter, or press ? or * to list all spells.
Which direction?
You begin to meditate on the wall.
You continue meditating on the rock. x2
You finish merging with the rock.
Found 108 gold pieces.
You now have 270 gold pieces (gained 27).
You now have 297 gold pieces (gained 27).
You now have 324 gold pieces (gained 27).
You now have 351 gold pieces (gained 27).
Casting: Passwall
Confirm with . or Enter, or press ? or * to list all spells.
Which direction?
You begin to meditate on the wall.
You continue meditating on the rock. x2
You finish merging with the rock.
Found four altars.
A slime creature comes into view.
The helpless slime creature fails to defend itself.
You spit the slime creature like a pig!!!!
You kill the slime creature!
Dithmenos accepts your kill.
Your Short Blades skill increases to level 10!
Your Stealth skill increases to level 10!
You have reached level 7!
Your demonic ancestry asserts itself...
Your fingernails lengthen.
You found an arrow trap!
Are you sure you want to abandon this character and quit the game? (Confirm with "yes".)

###################
#<.#..+..#.)+..#@_#
#..[..#.)'..#..+^.+
#..#####'#####+#__#
#..####..#...# ####
#..#__####..##[#
#..#_____##'#_.+
#⌠⌠#_.∩...+..._#
####_..__##_.#+#
#..#_____###+#


There were no monsters in sight!

Vanquished Creatures
  A slime creature (D)
  Sigmund (D)
  A yak (D)
  An ogre (D)
  A jelly (D)
  Ijyb (D)
6 creatures vanquished.

Notes
Turn   | Place    | Note
-------+----------+-------------------------------------------
     0 | D        | Amnesiac the Demonspawn Earth Elementalist began the quest for the Orb.
     0 | D        | Reached XP level 1. HP: 13/13 MP: 3/3
     1 | D        | Noticed Ijyb
    25 | D        | Killed Ijyb
    25 | D        | Gained mutation: You sometimes gain a little power by taking damage. [demonic ancestry]
    25 | D        | Reached XP level 2. HP: 8/19 MP: 3/5
   217 | D        | Learned a level 2 spell: Passwall
   264 | D        | Noticed Sigmund
   274 | D        | Killed Sigmund
   274 | D        | Gained mutation: You regenerate a little health from kills. [demonic ancestry]
   274 | D        | Reached XP level 3. HP: 13/24 MP: 1/6
   274 | D        | Gained mutation: You are partially covered in large bone plates. (SH +4) [demonic ancestry]
   274 | D        | Reached XP level 4. HP: 16/30 MP: 1/7
   274 | D        | Gained mutation: You regenerate health from kills. [demonic ancestry]
   274 | D        | Reached XP level 5. HP: 19/35 MP: 1/8
   422 | D        | Noticed an ogre
   422 | D        | Killed an ogre
   473 | D        | Found a stormy altar of Qazlal.
   473 | D        | Found a blossoming altar of Fedhas.
   473 | D        | Found a bloodstained altar of Trog.
   473 | D        | Found an iron altar of Okawaru.
   473 | D        | Found a glowing golden altar of the Shining One.
   473 | D        | Found Kizuhui's Weapon Emporium.
   473 | D        | Found a glowing silver altar of Zin.
   473 | D        | Found an ancient bone altar of Kikubaaqudgha.
   473 | D        | Found a white marble altar of Elyvilon.
   473 | D        | Found a hazy altar of Hepliaklqana.
   473 | D        | Found a hide-covered altar of Uskayaw.
   473 | D        | Found a basalt altar of Yredelemnul.
   473 | D        | Found a sparkling altar of Nemelex Xobeh.
   473 | D        | Found an opulent altar of Gozag.
   473 | D        | Found a snail-covered altar of Cheibriados.
   473 | D        | Found a sacrificial altar of Ru.
   473 | D        | Found a shadowy altar of Dithmenos.
   473 | D        | Noticed a yak
   473 | D        | Killed a yak
   473 | D        | Reached XP level 6. HP: 41/41 MP: 6/9
   478 | D        | Became a worshipper of Dithmenos the Shadowed
   625 | D        | Found a radiant altar of Vehumet.
   626 | D        | Found a deep blue altar of Sif Muna.
   627 | D        | Found an ornate altar of the Wu Jian Council.
   647 | D        | Found a viscous altar of Jiyva.
   647 | D        | Found a corrupted altar of Lugonu.
   647 | D        | Found a burning altar of Makhleb.
   647 | D        | Found a shimmering altar of Xom.
   647 | D        | Noticed a slime creature
   647 | D        | Killed a slime creature
   647 | D        | Reached skill level 10 in Short Blades
   647 | D        | Reached skill level 10 in Stealth
   647 | D        | Gained mutation: You have sharp fingernails. [demonic ancestry]
   647 | D        | Reached XP level 7. HP: 46/46 MP: 6/10
   648 | D        | Quit the game

Vault maps used:
D:        dungeon_sprint_1

Skill      XL: |  1  2  3  4  5  6 |
---------------+-------------------+-----
Stealth        | 6 9 10 | 10.7
Short Blades   | 8 9 10 | 10.5
Dodging        | |  1.7
Spellcasting   | |  2.0
Transmutations | |  0.8
Earth Magic    | |  2.6

Action                   |  1- 3 |  4- 6 |  7- 9 || total
-------------------------+-------+-------+-------++-------
Melee: Unarmed           |    21 |       |       ||    21
       Dagger            |     1 |     4 |       ||     5
 Cast: Sandblast         |     8 |     1 |       ||     9
       Passwall          |     3 |    10 |       ||    13
  Use: Potion            |     3 |       |       ||     3
 Stab: Sleeping          |     1 |     4 |       ||     5
Armor: Robe              |     2 |       |       ||     2
Dodge: Dodged            |    12 |       |       ||    12

Table legend:
 A = Spawn XP
 B = Non-spawn XP
 C = Spawn XP percentage of total XP
 D = Spawn monster count
 E = Non-spawn monster count
 F = Spawn count percentage of total count
 G = Total turns spent on level
                    A         B        C        D         E        F      G
               +---------+---------+-------+---------+---------+-------+---------
         Total |       0 |     885 |   0.0 |       0 |       6 |   0.0 |   648
               +---------+---------+-------+---------+---------+-------+---------
             D |       0 |     885 |   0.0 |       0 |       6 |   0.0 |   648
               +---------+---------+-------+---------+---------+-------+---------
